 Dungeon Crawl Stone Soup version 0.31-a0-1338-gb567cfdca4 (webtiles) character file.

Game seed: 6782129786803346581

6657 bmb222 the Fighter (level 11, -1/109 HPs)
             Began as an Oni Gladiator on Dec 22, 2023.
             Was a Believer of Hepliaklqana.
             Slain by a gnoll sergeant
             ... wielding a +0 halberd
              (7 damage)
             ... in a bailey.
             The game lasted 00:14:01 (12491 turns).

bmb222 the Fighter (Oni Gladiator)                 Turns: 12491, Time: 00:14:02

Health: -1/109     AC: 12    Str: 24    XL:     11   Next: 3%
Magic:  11/11      EV: 11    Int: 14    God:    Hepliaklqana [**....]
Gold:   491        SH:  0    Dex: 10    Spells: 10/10 levels left

rFire   . . .        G - +5 mace "Iruicsusk" {freeze, Int+5 SInv}
rCold   . . .        (no shield)
rNeg    . . .        F - +0 acid dragon scales
rPois   .            c - +0 hat
rElec   .            (no cloak)
rCorr   +            (gloves unavailable)
SInv    +            (boots unavailable)
Will    +....        (no amulet)
Stlth   +            t - +4 ring of protection
HPRegen 0.38/turn    (no ring)
MPRegen 0.12/turn

%: clarity
@: on berserk cooldown, slowed, very slow
A: reduced essence, drunken brawling, large, unfitting armour, horns 1, tough
skin 1, double potion healing, hooves 1, clarity, mutation resistance 1
a: Renounce Religion, Recall Ancestor, Ancestor Identity


You were in a bailey.
You worshipped Hepliaklqana.
Hepliaklqana was pleased with you.
You visited 2 branches of the dungeon, and saw 10 of its levels.
You also visited: Sewer and Bailey.

You collected 491 gold pieces.

Inventory:

Hand Weapons
 a - a +0 flail
 g - a +2 vampiric whip
 m - a +0 giant club
 w - a +3 whip of flaming
 D - a +1 mace of draining
 G - the +5 mace "Iruicsusk" (weapon) {freeze, Int+5 SInv}
   (You found it on level 9 of the Dungeon)

   Int+5:     It affects your intelligence (+5).
   SInv:      It lets you see invisible.
Missiles
 d - 4 throwing nets
 i - 15 poisoned darts (quivered)
Armour
 b - a +0 robe
 c - a +0 hat (worn)
 F - +0 acid dragon scales (worn)
Jewellery
 f - a ring of magical power
 n - an amulet of magic regeneration
 t - a +4 ring of protection (left hand)
 y - an amulet of faith
Scrolls
 k - a scroll of enchant armour
 p - a scroll of torment
 q - a scroll of poison
 s - 2 scrolls of amnesia
 x - 2 scrolls of teleportation
 A - 2 scrolls of identify
 E - a scroll of enchant weapon
Potions
 j - 7 potions of enlightenment
 l - 3 potions of brilliance
 o - 2 potions of lignification
 r - a potion of berserk rage
 u - 3 potions of attraction
 B - a potion of ambrosia {unknown}


   Skills:
 + Level 11.6 Fighting
 - Level 10.0 Maces & Flails
 - Level 2.2 Throwing
 * Level 6.5 Armour
 - Level 7.2 Dodging


You had 10 spell levels left.
You didn't know any spells.
Your spell library contained the following spells:

 Spells                   Type           Power      Damage    Failure   Level
 Ensorcelled Hibernation  Hex/Ice        0%         N/A       45%         2
 Passwall                 Alch/Erth      0%         N/A       45%         2
 Static Discharge         Conj/Air       0%         3-3/arc   45%         2
 Swiftness                Air            0%         N/A       71%         3
 Tukima's Dance           Hex            0%         N/A       71%         3
 Airstrike                Air            0%         2d(0-16)  98%         4
 Passage of Golubria      Tloc           0%         N/A       98%         4
 Summon Lightning Spire   Summ/Air       0%         N/A       98%         4
 Alistair's Intoxication  Alch           0%         N/A       100%        5
 Borgnjor's Vile Clutch   Necr/Erth      0%         N/A       100%        5
 Yara's Violent Unravell  Hex/Alch       0%         3d3       100%        5
 Eringya's Noxious Bog    Alch           0%         4d6       100%        6


Dungeon Overview and Level Annotations

Branches:
Dungeon (9/15)             Temple (1/1) D:4           Sewer (visited)
 Bailey (1/1)
   Lair: D:8-11         Orc: D:9-12

Altars:
Ashenzari
Cheibriados
Dithmenos
Elyvilon
Fedhas
Hepliaklqana
Kikubaaqudgha
Makhleb
Nemelex Xobeh
Okawaru
Qazlal
Ru
Sif Muna
Trog
Uskayaw
Vehumet
Wu Jian
Xom
Yredelemnul
Zin
The Shining One

Shops:
D:1 (   D:7 (

Annotations:
D:8 3 runed translucent doors, bungle's ghost, amateur GnDe


Innate Abilities, Weirdness & Mutations

Your life essence is reduced to manifest your ancestor. (-10% HP)
Whenever you drink a potion that restores your health or magic, you attack all enemies around you.
You are too large for most types of armour.
You have a pair of small horns on your head.
You have tough skin. (AC +1)
Whenever you drink a potion that restores your health or magic, it restores twice as much.
You have large cloven feet.
You possess an exceptional clarity of mind.
You are somewhat resistant to further mutation.


Message History

The gnoll sergeant barely misses you.
Unknown command.
Throw: 5 throwing nets
Press: ? - help, Shift-Dir - straight line, f/p - gnoll sergeant
Aim: a gnoll sergeant, wielding a +0 halberd and wearing a +0 chain mail (heavily wounded, poisoned, 71% to hit)
You throw a throwing net.
The throwing net barely misses the gnoll sergeant.
The gnoll sergeant hits you from afar with a +0 halberd.
* * * LOW HITPOINT WARNING * * *
There is an open gate here.
Okay, then.
The gnoll sergeant barely misses you.
The gnoll sergeant hits you from afar with a +0 halberd.
* * * LOW HITPOINT WARNING * * *
Okay, then.
Okay, then.
The air fills with toxic fumes!
As you read the scroll of poison, it crumbles to dust.
The gnoll sergeant hits you from afar with a +0 halberd.
* * * LOW HITPOINT WARNING * * *
The gnoll sergeant barely misses you.
You aren't carrying any items that you can evoke.
Unknown command.
Throw: 17 darts (poison)
Press: ? - help, Shift-Dir - straight line, f/p - gnoll sergeant
Aim: a gnoll sergeant, wielding a +0 halberd and wearing a +0 chain mail (severely wounded, 71% to hit)
You throw a poisoned dart.
The poisoned dart completely misses the gnoll sergeant.
The gnoll sergeant misses you.
Unknown command.
Throw: 16 darts (poison)
Press: ? - help, Shift-Dir - straight line, f/p - gnoll sergeant
Aim: a gnoll sergeant, wielding a +0 halberd and wearing a +0 chain mail (severely wounded, 71% to hit)
You throw a poisoned dart.
The poisoned dart hits the gnoll sergeant.
The gnoll sergeant is severely wounded.
The gnoll sergeant hits you from afar with a +0 halberd.
* * * LOW HITPOINT WARNING * * *
The gnoll sergeant hits you from afar with a +0 halberd!
You die...

♣.♣ ♣♣§♣♣ ♣♣♣♣§§§♣♣
♣♣§§§§§§§♣♣♣♣
♣♣♣§§§§§§§§§§.♣♣♣
♣♣§§§§§§§§§§§§...♣♣
♣♣§§§§§§§§§§§§§≈≈≈≈♣♣
♣§§§§§§§§§§§§§§...≈≈♣
♣§§§§§§@§§§§§§§....≈♣
♣§§######g§§######.≈♣
♣≈.#.[R.#.§§# #.≈♣
♣≈#####'#..§# ##≈♣
♣≈#.....#...# ≈♣
♣≈#8....##g## ≈♣
♣≈#....##.(.## ≈♣
♣≈#...##.)...## ≈♣
♣≈#..)#.g)(...#...#≈♣


You could see a gnoll sergeant.

Vanquished Creatures
  A hydra (D:9)
  2 two-headed ogres
  Grinder (D:6)
  A yak (D:9)
  2 water moccasins
  A sky beast (D:7)
  An ice beast (D:7)
  2 black bears
  An orc warrior (D:6)
  An ogre (D:5)
  5 wolves (Bailey)
  2 phantoms (D:4)
  A kobold brigand (Sewer)
  5 bullfrogs
  4 gnoll sergeants
  3 scorpions
  2 howler monkeys
  2 jellies
  4 gnoll boudas
  7 hounds
  An orc priest (D:7)
  3 iguanas
  4 orc wizards
  Robin (D:3)
  24 gnolls
  8 adders
  2 river rats (Sewer)
  2 bombardier beetles
  2 ufetubi (D:6)
  2 worms
  A dart slug (D:4)
  26 orcs
  8 bats
  12 endoplasms
  4 giant cockroaches
  21 goblins
  11 hobgoblins
  10 jackals
  2 quokkas
  6 ball pythons
  3 frilled lizards
  11 kobolds
  14 rats
226 creatures vanquished.

Vanquished Creatures (collateral kills)
  A wyvern (D:9)
  An acid dragon (D:9)
  A black bear (D:5)
  A swamp drake (shapeshifter) (D:9)
  3 wolves (Bailey)
  A centaur (D:9)
  A kobold brigand (D:8)
  A gnoll sergeant (Bailey)
  4 gnoll boudas (Bailey)
  An iguana (D:6)
  7 gnolls
  A shadow imp (D:6)
  4 orcs
  2 goblins (D:9)
  4 kobolds (D:8)
33 creatures vanquished.

Vanquished Creatures (others)
  A gnoll sergeant (Bailey)
  2 battlemagi (Bailey)
  An ancestor (D:6)
  A gnoll (Bailey)
5 creatures vanquished.

Grand Total: 264 creatures vanquished

Notes
Turn   | Place    | Note
-------+----------+-------------------------------------------
     0 | D:1      | bmb222 the Oni Gladiator began the quest for the Orb.
     0 | D:1      | Reached XP level 1. HP: 22/22 MP: 1/1
    55 | D:1      | Found Fitsuekhlo's Weapon Boutique.
   268 | D:1      | Reached skill level 3 in Fighting
   268 | D:1      | Reached XP level 2. HP: 27/31 MP: 2/2
   582 | D:1      | Found a faded altar of an unknown god.
   821 | D:1      | Reached XP level 3. HP: 26/37 MP: 3/3
  1380 | D:2      | Found a sacrificial altar of Ru.
  1844 | D:2      | Reached XP level 4. HP: 47/48 MP: 4/4
  1892 | D:2      | Reached skill level 4 in Fighting
  2608 | D:1      | Reached XP level 5. HP: 22/55 MP: 5/5
  4125 | D:3      | Noticed Robin
  4176 | D:3      | Killed Robin
  4294 | D:3      | Reached skill level 5 in Fighting
  4772 | D:4      | Reached XP level 6. HP: 21/66 MP: 6/6
  4925 | D:4      | Found a glowing drain.
  4930 | Sewer    | Entered a sewer
  5091 | Sewer    | HP: 3/66 [poisoned by a kobold brigand]
  5094 | Sewer    | HP: 1/66 [poisoned by a kobold brigand]
  5618 | Sewer    | Found a glowing silver altar of Zin.
  5689 | Sewer    | Gained mutation: You possess an exceptional clarity of
                  | mind. [potion of mutation]
  5689 | Sewer    | Gained mutation: You have large cloven feet. [potion of
                  | mutation]
  5689 | Sewer    | Gained mutation: You are somewhat resistant to further
                  | mutation. [potion of mutation]
  5868 | D:4      | Noticed a black bear
  5869 | D:4      | Found a burning altar of Makhleb.
  5877 | D:4      | Killed a black bear
  5878 | D:4      | Reached skill level 6 in Fighting
  5878 | D:4      | Reached XP level 7. HP: 66/75 MP: 7/7
  5910 | D:4      | Noticed a blizzard demon
  6137 | D:4      | Reached skill level 5 in Maces & Flails
  6349 | D:4      | Found a staircase to the Ecumenical Temple.
  6386 | Temple   | Entered the Ecumenical Temple
  6621 | Temple   | Became a worshipper of Hepliaklqana the Forgotten
  6644 | D:4      | Reached skill level 5 in Dodging
  7074 | D:5      | Entered Level 5 of the Dungeon
  7090 | D:5      | Reached XP level 8. HP: 12/84 MP: 8/8
  7090 | D:5      | HP: 4/84 [poisoned by a water moccasin]
  7200 | D:5      | Reached skill level 7 in Fighting
  8104 | D:5      | Reached * piety under Hepliaklqana
  8566 | D:6      | Reached skill level 8 in Fighting
  8588 | D:6      | Reached XP level 9. HP: 66/86 MP: 9/9
  9139 | D:6      | Noticed Grinder
  9149 | D:6      | Paralysed by Grinder for 3 turns
  9154 | D:6      | Killed Grinder
  9663 | D:7      | Reached skill level 9 in Fighting
 10353 | D:7      | Found Ibarut's Antique Weapon Boutique.
 10554 | D:8      | Found a runed translucent gate.
 10555 | D:8      | Found a runed translucent gate.
 10555 | D:8      | Noticed bungle's ghost (amateur GnDe)
 10556 | D:8      | Noticed an 11-headed hydra
 10556 | D:8      | Found a runed translucent gate.
 10556 | D:8      | Noticed a nine-headed hydra
 10613 | D:8      | Reached ** piety under Hepliaklqana
 11009 | D:8      | Remembered your ancestor Shiptu as a battlemage
 11090 | D:8      | Noticed a two-headed ogre
 11100 | D:8      | Killed a two-headed ogre
 11101 | D:8      | Reached skill level 1 in Armour
 11101 | D:8      | Reached XP level 10. HP: 80/98 MP: 10/10
 11465 | D:9      | Reached skill level 10 in Maces & Flails
 11469 | D:9      | Identified the +5 mace "Iruicsusk" {freeze, Int+5 SInv}
 11548 | D:9      | Reached skill level 10 in Fighting
 11565 | D:9      | Noticed a two-headed ogre
 11573 | D:9      | Killed a two-headed ogre
 11595 | D:9      | Found a stormy altar of Qazlal.
 11599 | D:9      | Found a snail-covered altar of Cheibriados.
 11620 | D:9      | Noticed a five-headed hydra
 11629 | D:9      | Killed a five-headed hydra
 11644 | D:9      | Noticed a kobold demonologist
 11697 | D:9      | Found a flagged portal.
 11709 | Bailey   | Entered a bailey
 11718 | Bailey   | Reached skill level 5 in Armour
 11824 | Bailey   | Reached skill level 11 in Fighting
 12459 | Bailey   | Reached XP level 11. HP: 20/108 MP: 11/11
 12465 | Bailey   | HP: 6/163 [gnoll sergeant/+0 glaive (10)]
 12491 | Bailey   | Slain by a gnoll sergeant

Illustrated notes

Levels and vault maps discovered:
D:1:      eino_arrival_cavern_e, layout_basic, serial_shops, shop,
          dreamdust_ecumenical_altar_grove, serial_rivers,
          chequers_serial_rivers_micro_c, chequers_serial_rivers_micro_a,
          chequers_serial_rivers_room_b, chequers_serial_rivers_room_b,
          chequers_serial_rivers_micro_a, minmay_misc_feat_more_columns,
          minmay_split_cup_small
D:2:      layout_basic, serial_rivers, chequers_serial_rivers_micro_a,
          chequers_serial_rivers_marsh, chequers_serial_rivers_small_b,
          chequers_serial_rivers_micro_e, chequers_serial_rivers_room_a,
          chequers_serial_rivers_large_a, basic_altar
D:3:      kennysheep_goblin_castle, layout_loops_ring, minivault_5,
          skrybe_limestone_x, minmay_misc_feat_four_crosses
D:4:      layout_basic, makhleb_altar_promises_db,
          minmay_temple_entry_statues_fountains, gup_sewer_entry_bowl
D:5:      layout_cave_pods, dk_noncrumbling_4
D:6:      layout_basic, uniq_grinder
D:7:      layout_cave_pods, serial_shops, nicolae_shop_rolling_square,
          hangedman_decor_riveting
D:8:      layout_basic, gammafunk_ghost_hydra_chop
D:9:      layout_layer_cave, grunt_temple_overflow_open, enter_bailey_3,
          minmay_bent, uniq_harold
Temple:   nicolae_temple_no_exploring_needed
Bailey:   bailey_polearm_gnolls_kennysheep, bailey

Skill      XL: |  1  2  3  4  5  6  7  8  9 10 |
---------------+-------------------------------+-----
Fighting       | 3 4 5 6 8 9 11 | 11.6
Dodging        | 3 4 5 6 7 |  7.2
Maces & Flails | 4 6 7 9 10 | 10.0
Armour         | 1 6 |  6.5
Throwing       | |  2.2

Action                     |  1- 3 |  4- 6 |  7- 9 | 10-12 || total
---------------------------+-------+-------+-------+-------++-------
  Melee: Flail             |   106 |    38 |       |       ||   144
         Headbutt          |    16 |    41 |    61 |    18 ||   136
         Punch             |       |     5 |     2 |     1 ||     8
         Whip              |       |   185 |   294 |       ||   479
         Kick              |       |     1 |    78 |    33 ||   112
         Mace              |       |       |    29 |    90 ||   119
  Throw: Dart              |       |     7 |       |     4 ||    11
         Throwing net      |       |     2 |       |     2 ||     4
         Large rock        |       |       |       |     1 ||     1
 Invoke: Recall Ancestor   |       |       |     1 |       ||     1
         Ancestor Life: Ba |       |       |     1 |       ||     1
  Evoke: Wand              |       |       |     3 |     6 ||     9
    Use: Scroll            |       |     7 |     5 |     5 ||    17
         Potion            |       |     6 |     5 |     6 ||    17
   Stab: Sleeping          |     1 |       |       |       ||     1
         Distracted        |       |       |     1 |     1 ||     2
 Armour: Robe              |    92 |   160 |   206 |     5 ||   463
         Acid dragon scale |       |       |       |   139 ||   139
  Dodge: Dodged            |    63 |    93 |   129 |    98 ||   383

Table legend: (Time is in decaauts)
 A = Elapsed time spent in this place.
 B = Non-inter-level travel time spent in this place.
 C = Inter-level travel time spent in this place.
 D = Time resting spent in this place.
 E = Time spent auto-exploring this place.
 F = Levels seen in this place.
 G = Mean time per level.
                   A        B        C        D        E       F      G
               +--------+--------+--------+--------+--------+-----+--------+
         Total |  12383 |  12008 |    375 |   2917 |   7088 |  12 | 1031.9 |
       Dungeon |  10539 |  10164 |    375 |   1593 |   6917 |   9 | 1171.0 |
        Temple |    241 |    241 |      0 |    223 |      0 |   1 |  241.0 |
         Sewer |    840 |    840 |      0 |    616 |     86 |   1 |  840.0 |
        Bailey |    762 |    762 |      0 |    484 |     85 |   1 |  762.0 |
               +--------+--------+--------+--------+--------+-----+--------+

Top non-repeatable levels by time:
     D:1: 2027 daAuts
     D:3: 1579 daAuts
     D:5: 1448 daAuts
     D:4: 1260 daAuts
     D:2: 1107 daAuts
     D:7: 1013 daAuts
     D:6: 925 daAuts
     D:8: 917 daAuts
   Sewer: 840 daAuts
  Bailey: 762 daAuts
     D:9: 260 daAuts
  Temple: 241 daAuts
